 Dungeon Crawl Stone Soup version 0.23-a0-899-gbbae0a3 (webtiles) character file.

Game seed: 15551104528100366655

183 Wolfram the Chopper (level 5, -7/49 HPs)
             Began as a Naga Berserker on Jan 29, 2019.
             Was a Priest of Trog.
             Mangled by a gnoll
             ... wielding a +1 spear of venom
              (8 damage)
             ... on level 3 of the Dungeon.
             The game lasted 00:06:36 (3164 turns).

Wolfram the Chopper (Naga Berserker)                Turns: 3164, Time: 00:06:37

Health: -7/49      AC:  3    Str: 19    XL:     5   Next: 62%
Magic:  5/5        EV:  9    Int:  8    God:    Trog [***...]
Gold:   99         SH:  0    Dex: 11    Spells: 4/4 levels left

rFire    + . .     SeeInvis +   a - +0 hand axe
rCold    . . .     Gourm    .   (no shield)
rNeg     . . .     Faith    .   f - +0 leather armour {rF+}
rPois    +         Spirit   .   (no helmet)
rElec    .         Reflect  .   (no cloak)
rCorr    .         Harm     .   (no gloves)
MR       .....                  (no barding)
Stlth    +.........             (no amulet)
HPRegen  0.16/turn              (no ring)
MPRegen  0.09/turn              (no ring)

@: berserk cooldown, slowed, very slow
A: large, see invisible, deformed body, poison resistance, slowness 2, slow
metabolism 1, spit poison 1, AC +1
a: Spit Poison, Berserk, Trog's Hand, Renounce Religion


You were on level 3 of the Dungeon.
You worshipped Trog.
Trog was most pleased with you.
You were hungry.

You visited 1 branch of the dungeon, and saw 3 of its levels.

You collected 99 gold pieces.


Innate Abilities, Weirdness & Mutations

You cannot wear boots.
Your serpentine skin is tough. (AC +1)
You have supernaturally acute eyesight. (SInv)
Armour fits poorly on your strangely shaped body.
Your system is resistant to poisons. (rPois)
You cover ground very slowly.
You have a slow metabolism.
You can spit poison.


   Skills:
 - Level 3.1 Fighting
 + Level 5.9 Axes
 - Level 1.7 Armour
 - Level 1.7 Dodging


You had 4 spell levels left.
You didn't know any spells.
Your spell library was empty.

Inventory:

Hand Weapons
 a - a +0 hand axe (weapon)
 k - a +0 hunting sling
Missiles
 e - 68 stones (quivered)
 h - 10 tomahawks
 n - a throwing net
 q - 2 tomahawks of returning
Armour
 f - a +0 leather armour of fire resistance (worn)
Jewellery
 j - an uncursed ring of magical power {unknown}
 m - an uncursed amulet of faith {unknown}
Scrolls
 i - 2 scrolls of teleportation
 l - 2 scrolls of identify {unknown}
 r - a scroll of blinking {unknown}
Potions
 b - a potion of curing
 d - a potion of flight {unknown}
 g - a potion of magic
 p - a potion of berserk rage {unknown}
Comestibles
 c - 6 rations
 o - 5 chunks of flesh


Message History

You hit the plant but do no damage.
The plant looks more healthy.
The gnoll hits you with a +1 spear of venom!
* * * LOW HITPOINT WARNING * * *
The gnoll splashes around in the water.
Some of the chunks of flesh in your inventory have rotted away.
You closely miss the gnoll.
The gnoll is heavily wounded.
You hit the plant but do no damage.
The gnoll hits you with a +1 spear of venom.
* * * LOW HITPOINT WARNING * * *
Unknown command.
It was a potion of curing.
You feel better.
The gnoll hits you with a +1 spear of venom.
* * * LOW HITPOINT WARNING * * *
The gnoll hits you with a +1 spear of venom!
* * * LOW HITPOINT WARNING * * *
Unknown command.
It was a potion of magic.
Magic courses through your body.
The gnoll hits you with a +1 spear of venom!
You die...

▒·▒▒▒·▒▒▒▒▒▒ ♣≈❦ ▒·▒▒·······▒▒
·≈≈≈≈≈≈
▒·▒▒··▒·····▒▒············
▒·▒▒··▒·········♣≈≈≈≈≈≈≈≈
▒▒▒▒<▒▒··▒·····▒▒▒≈≈≈≈≈≈≈≈❦
···^)···)▒▒···▒▒▒▒♣≈≈❦≈≈❦≈
▒▒▒▒·▒▒·▒▒▒▒··)···♣❦≈≈≈≈≈♣ ♣♣♣
▒·············▒··▒❦≈≈≈≈≈≈♣♣♣≈♣♣
···········▒·▒▒▒·@g≈≈≈≈≈≈♣≈▒▒≈♣
··▒···▒·▒·▒▒··▒···▒≈≈≈≈♣♣♣·▒▒·♣
··········▒▒▒···()▒▒♣≈♣▒·▒)▒▒·▒♣
··▒·······▒▒▒▒▒·▒·(··♣·········♣
···········▒▒▒··▒▒▒▒▒▒········▒♣
≈· ▒·▒▒▒·······▒·▒·▒
▒▒▒▒▒·▒▒·♣≈≈≈· ▒·▒ ▒······▒·▒▒·▒
▒·▒▒·♣≈≈≈· ▒·▒ ▒▒▒·▒··▒·▒▒·▒
▒·▒▒·♣≈❦❦· ▒·▒ ▒·▒··▒·▒▒·▒
▒·▒▒·♣≈❦≈·


You could see a gnoll.

Vanquished Creatures
  7 gnolls
  3 adders
  An ooze (D:3)
  A worm (D:3)
  2 dart slugs
  3 leopard geckos
  4 orcs (D:3)
  A ball python (D:3)
  6 bats
  4 giant cockroaches
  4 goblins
  9 hobgoblins
  8 jackals (D:1)
  4 kobolds
  2 quokkas
  4 frilled lizards
  9 rats
72 creatures vanquished.

Vanquished Creatures (others)
  3 plants (D:3)
3 creatures vanquished.

Grand Total: 75 creatures vanquished

Notes
Turn   | Place    | Note
-------+----------+-------------------------------------------
     0 | D:1      | Wolfram the Naga Berserker began the quest for the Orb.
     0 | D:1      | Reached XP level 1. HP: 21/21 MP: 1/1
   177 | D:1      | Reached XP level 2. HP: 28/28 MP: 2/2
   637 | D:1      | Reached XP level 3. HP: 20/34 MP: 3/3
  1056 | D:1      | Reached ** piety under Trog
  1112 | D:1      | Reached skill level 4 in Axes
  1956 | D:2      | Reached XP level 4. HP: 42/42 MP: 4/4
  2334 | D:2      | Reached skill level 5 in Axes
  2719 | D:3      | Reached XP level 5. HP: 49/49 MP: 5/5
  3062 | D:3      | Reached *** piety under Trog
  3161 | D:3      | HP: 8/49 [gnoll/+1 spear of venom (7)]
  3163 | D:3      | HP: 1/49 [gnoll/+1 spear of venom (9)]
  3164 | D:3      | Mangled by a gnoll

Vault maps used:
D:1:      onia_arrival_pentagram
D:2:      minmay_tetromino_l2
D:3:      serial_bayou_lagoon_b, uniq_grinder

Action                   |  1- 3 |  4- 6 || total
-------------------------+-------+-------++-------
Melee: Hand axe          |   101 |   102 ||   203
Throw: Stone             |     7 |    12 ||    19
Invok: Berserk           |     8 |     4 ||    12
  Use: Scroll            |     1 |       ||     1
       Potion            |       |     2 ||     2
  Eat: Chunk             |    10 |     6 ||    16
Armor: Animal skin       |    12 |       ||    12
       Leather armour    |     2 |    31 ||    33
Dodge: Dodged            |    56 |    56 ||   112
